 Dungeon Crawl Stone Soup version 0.27-a0-1188-g73eefd5def (webtiles) character file.

Game seed: 13905269077330210884

384 Kinoniko the Chopper (level 6, -2/47 HPs)
             Began as a Demonspawn Berserker on May 21, 2021.
             Was a Priest of Trog.
             Killed by divine providence
             ... invoked by an orc priest
              (15 damage)
             ... on level 5 of the Dungeon.
             The game lasted 00:04:32 (3124 turns).

Kinoniko the Chopper (Demonspawn Berserker)         Turns: 3124, Time: 00:04:32

Health: -2/47      AC:  9    Str: 16 (19) XL:     6   Next: 47%
Magic:  15/15      EV:  9    Int:  5 (8)  God:    Trog [***...]
Gold:   270        SH:  0    Dex: 15 (17) Spells: 5/5 levels left

rFire    + . .     SeeInvis .   a - +1 hand axe (freeze)
rCold    + . .     Faith    .   (no shield)
rNeg     . . .     Spirit   .   k - +1 chain mail
rPois    .         Reflect  .   (helmet restricted)
rElec    .         Harm     .   (no cloak)
rCorr    .         Rampage  .   (no gloves)
Will     .....                  (no boots)
Stlth    ..........             (no amulet)
HPRegen  0.15/turn              p - ring of magical power
MPRegen  0.14/turn              d - ring of the Solstice {rF+ rC+ Dex+4}

@: on berserk cooldown, attractive, slowed, very slow
A: horns 2, repulsion field 1, demonic guardian 1
a: Renounce Religion, Berserk, Trog's Hand


You were on level 5 of the Dungeon.
You worshipped Trog.
Trog was most pleased with you.
You visited 1 branch of the dungeon, and saw 5 of its levels.

You collected 270 gold pieces.

Inventory:

Hand Weapons
 a - a +1 hand axe of freezing (weapon)
Armour
 h - a +0 helmet
 k - a +1 chain mail (worn)
Jewellery
 d - the ring of the Solstice (right hand) {rF+ rC+ Dex+4}
   (You acquired it on level 4 of the Dungeon)

   [ring of protection from fire]

   It affects your dexterity (+4).
   It protects you from fire.
   It protects you from cold.
 p - a ring of magical power (left hand)
Wands
 s - a wand of iceblast (5)
Scrolls
 o - 2 scrolls of identify {unknown}
 q - a scroll of noise {unknown}
Potions
 i - 2 potions of berserk rage
 r - a potion of resistance {unknown}


   Skills:
 - Level 3.0 Fighting
 + Level 6.7 Axes
 - Level 1.7 Armour
 - Level 1.7 Dodging


You had 5 spell levels left.
You didn't know any spells.
Your spell library was empty.

Dungeon Overview and Level Annotations

Branches:
Dungeon (4/15)
 Temple: D:4-7

Altars:
Hepliaklqana


Innate Abilities, Weirdness & Mutations

You have a pair of horns on your head.
You are surrounded by a mild repulsion field. (EV +2)
A weak demonic guardian rushes to your aid.


Message History

The arrow hits you.
* * * LOW HITPOINT WARNING * * *
You hear a shout!
The orc is pulled toward you! The centaur is pulled toward you!
The orc is pulled toward you!
The scorpion zombie is pulled toward you!
The orc priest is pulled toward you!
Okay, then.
Okay, then.
It was a potion of degeneration.
There was something very wrong with that liquid.
You feel weakened.
You feel dopey.
You feel clumsy.
The centaur unwields a +0 shortbow.
The centaur barely misses you. x2
The orc priest miscasts a cantrip.
Something hits you but does no damage. The centaur closely misses you.
The centaur kicks you but does no damage.
The scorpion zombie is pulled toward you!
It was a potion of curing.
You feel better. The centaur barely misses you.
The centaur kicks you but does no damage.
A gnoll comes into view. It is wielding a +0 halberd.
The scorpion zombie hits you but does no damage.
An orc comes into view. It is wielding a +0 hand axe.
The orc hits you but does no damage.
A gnoll comes into view. It is wielding a +0 whip.
The centaur hits you. The centaur completely misses you.
A gnoll comes into view. It is wielding a +0 spear.
The scorpion zombie hits you. Something is pulled toward you!
The gnoll is pulled toward you! The orc is pulled toward you!
The gnoll is pulled toward you! x2; The teleport trap disappears.
The gnoll disappears!
It was a potion of berserk rage.
You're still recovering from your berserk rage.
The gnoll shouts!
You hear a shout!
The centaur hits you.
* * * LOW HITPOINT WARNING * * *
The centaur kicks you but does no damage.
The orc hits you but does no damage.
The orc priest invokes the aid of Beogh against you.
Beogh smites you!
You die...

...............
...............
.............#
.....§......#
.....g......#
.......g...#
......c{Z..#####
....ooo@........
.......o.).#.##
........†..#
...........##.##
.........†....?#
.................
.................
##.....##........
##.#.. ...##....


You could see a centaur, an orc priest, 2 gnolls, 3 orcs and a scorpion zombie.

Vanquished Creatures
  Edmund (D:5)
  A water moccasin skeleton (D:5)
  A howler monkey (D:5)
  A bullfrog skeleton (D:4)
  An iguana (D:5)
  An orc wizard (D:3)
  2 adders
  An ufetubus (D:5)
  An adder zombie (D:5)
  A dart slug (D:3)
  5 orcs
  8 ball pythons
  A bat (D:3)
  8 endoplasms
  A giant cockroach (D:1)
  5 goblins
  7 hobgoblins
  5 jackals
  8 kobolds
  A quokka (D:2)
  A frilled lizard (D:3)
  4 rats
65 creatures vanquished.

Vanquished Creatures (others)
  2 orcs (D:3)
  A quokka (D:5)
3 creatures vanquished.

Grand Total: 68 creatures vanquished

Notes
Turn   | Place    | Note
-------+----------+-------------------------------------------
     0 | D:1      | Kinoniko the Demonspawn Berserker began the quest for the
                  | Orb.
     0 | D:1      | Reached XP level 1. HP: 18/18 MP: 1/1
   140 | D:1      | Reached skill level 3 in Axes
   212 | D:1      | Gained mutation: You are surrounded by a mild repulsion
                  | field. (EV +2) [demonic ancestry]
   212 | D:1      | Reached XP level 2. HP: 24/24 MP: 2/2
   329 | D:1      | Found a faded altar of an unknown god.
  1472 | D:2      | Gained mutation: A weak demonic guardian rushes to your
                  | aid. [demonic ancestry]
  1472 | D:2      | Reached XP level 3. HP: 29/29 MP: 3/3
  1640 | D:2      | Reached skill level 4 in Axes
  1703 | D:3      | Reached ** piety under Trog
  1990 | D:3      | Gained mutation: You have a pair of small horns on your
                  | head. [demonic ancestry]
  1990 | D:3      | Reached XP level 4. HP: 35/35 MP: 4/4
  2741 | D:3      | Found a hazy altar of Hepliaklqana.
  2916 | D:4      | Identified a scroll of acquirement
  2916 | D:4      | Acquired the ring of the Solstice {rF+ rC+ Dex+4}
  2973 | D:4      | Reached skill level 5 in Axes
  3094 | D:4      | You fall into a shaft and drop 1 floor!
  3094 | D:5      | Entered Level 5 of the Dungeon
  3101 | D:5      | Gained mutation: You have a pair of horns on your head.
                  | [demonic ancestry]
  3101 | D:5      | Reached XP level 5. HP: 41/41 MP: 5/5
  3104 | D:5      | Noticed Edmund
  3110 | D:5      | Reached *** piety under Trog
  3111 | D:5      | Reached skill level 6 in Axes
  3113 | D:5      | Noticed a centaur
  3117 | D:5      | Reached XP level 6. HP: 47/47 MP: 6/6
  3118 | D:5      | Killed Edmund
  3124 | D:5      | Killed from afar by an orc priest

Illustrated notes

Levels and vault maps discovered:
D:1:      minmay_arrival_floating_metal, layout_loops_ring,
          hellmonk_ecumenical_altar_slurped_away, minmay_split_cup_small
D:2:      layout_rooms
D:3:      layout_loops_ring, general_overflow_altar
D:4:      layout_basic, chequers_garden, minivault_27, uniq_blork_the_orc
D:5:      layout_cave_pools, elyvilon_altar_4, grunt_dithmenos_shadows,
          serial_shops, nicolae_shop_competitors_out_of_business, shop, shop,
          st_stairs_14, uniq_edmund

Skill      XL: |  1  2  3  4  5 |
---------------+----------------+-----
Axes           | 3 4 5 6 |  6.7
Fighting       | |  3.0
Armour         | |  1.7
Dodging        | |  1.7

Action                   |  1- 3 |  4- 6 || total
-------------------------+-------+-------++-------
Melee: Hand axe          |    99 |    67 ||   166
       Headbutt          |       |    13 ||    13
Invok: Berserk           |     4 |     2 ||     6
  Use: Scroll            |       |     7 ||     7
       Potion            |       |     4 ||     4
Armor: Animal skin       |     5 |       ||     5
       Chain mail        |    21 |    32 ||    53
       Scale mail        |     1 |       ||     1
Dodge: Dodged            |    50 |    35 ||    85

Table legend: (Time is in decaauts)
 A = Elapsed time spent in this place.
 B = Non-inter-level travel time spent in this place.
 C = Inter-level travel time spent in this place.
 D = Time resting spent in this place.
 E = Time spent auto-exploring this place.
 F = Levels seen in this place.
 G = Mean time per level.
                   A        B        C        D        E       F      G
               +--------+--------+--------+--------+--------+-----+--------+
         Total |   3206 |   3114 |     92 |    424 |   2259 |   5 |  641.2 |
       Dungeon |   3206 |   3114 |     92 |    424 |   2259 |   5 |  641.2 |
               +--------+--------+--------+--------+--------+-----+--------+

Top non-repeatable levels by time:
     D:3: 1243 daAuts
     D:1: 1083 daAuts
     D:2: 669 daAuts
     D:4: 185 daAuts
     D:5: 25 daAuts
